 Dungeon Crawl Stone Soup version 0.29-a0-356-g7bc237e783 (webtiles) character file.

Game seed: 4177852275264881010

9 HendSelp the Shield-Bearer (level 2, 0/24 HPs)
             Began as a Formicid Fighter on Apr 26, 2022.
             Slain by a jackal (2 damage)
             ... on level 1 of the Dungeon.
             The game lasted 00:00:23 (162 turns).

HendSelp the Shield-Bearer (Formicid Fighter)        Turns: 162, Time: 00:00:23

Health: 0/24       AC:  6    Str: 20    XL:     2   Next: 25%
Magic:  2/2        EV:  9    Int:  7    God:
Gold:   32         SH:  4    Dex: 10    Spells: 1/1 levels left

rFire   . . .      SeeInvis +   a - +0 flail
rCold   . . .      Faith    .   c - +0 buckler
rNeg    . . .      Spirit   .   b - +0 scale mail
rPois   .          Reflect  .   (helmet unavailable)
rElec   .          Harm     .   (no cloak)
rCorr   .          Rampage  .   (no gloves)
Will    .....                   (no boots)
Stlth   ..........              (no amulet)
HPRegen 0.08/turn               (no ring)
MPRegen 0.08/turn               (no ring)

@: no status effects
A: permanent stasis, dig shafts and tunnels, antennae 3, four strong arms
a: Dig, Shaft Self


You were on level 1 of the Dungeon.
You visited 1 branch of the dungeon, and saw 1 of its levels.

You collected 32 gold pieces.

Inventory:

Hand Weapons
 a - a +0 flail (weapon)
Armour
 b - a +0 scale mail (worn)
 c - a +0 buckler (worn)
Scrolls
 e - a scroll of teleportation {unknown}
Potions
 d - a potion of might


   Skills:
 + Level 3.5 Fighting
 + Level 2.1 Maces & Flails
 + Level 3.5 Armour
 + Level 3.8 Shields


You had one spell level left.
You didn't know any spells.
Your spell library was empty.

Dungeon Overview and Level Annotations

Branches:
Dungeon (1/15)

Altars:


Innate Abilities, Weirdness & Mutations

You cannot be hasted, slowed, berserked, paralysed or teleported.
You can dig through walls and to a lower floor.
You have a pair of large antennae on your head. (SInv)
Your four strong arms can wield two-handed weapons with a shield.


Message History

Unknown command.
You are too injured to fight recklessly!
You are too injured to fight recklessly!
You are too injured to fight recklessly!
There are monsters nearby!
You are too injured to fight recklessly!
There are monsters nearby!
You are too injured to fight recklessly!
Unknown command.
You are too injured to fight recklessly!
You are too injured to fight recklessly!
You sock the jackal!
You kill the jackal!
The jackal barely misses you. The jackal closely misses you.
The rat bites you but does no damage.
The frilled lizard bites you but does no damage.
The jackal bites you but does no damage.
The frilled lizard barely misses you.
You see here a jackal corpse.
Unknown command.
The jackal completely misses you. The frilled lizard bites you.
You block the jackal's attack.
You closely miss the rat.
The jackal bites you but does no damage.
The rat bites you but does no damage.
The frilled lizard bites you but does no damage.
The jackal bites you.
* * * LOW HITPOINT WARNING * * *
You sock the rat!
You kill the rat!
The frilled lizard bites you.
* * * LOW HITPOINT WARNING * * *
You block the jackal's attack. The frilled lizard bites you.
* * * LOW HITPOINT WARNING * * *
The jackal barely misses you. The jackal closely misses you.
The frilled lizard bites you but does no damage.
You see here a jackal corpse.
Unknown command.
You barely miss the frilled lizard. The jackal bites you.
You die...

#......#......
......$.......
#............
#.......... ........
#....# #..h.# #..@.#
#..l.# #....####
########## #.......#
#.........
#.......#.#.########
#.........#.....#
#....##'###.#####.#
##...##.#########.####
#...##...............


You could see a jackal and a frilled lizard.

Vanquished Creatures
  A bat (D:1)
  A giant cockroach (D:1)
  3 jackals (D:1)
  A frilled lizard (D:1)
  A kobold (D:1)
  2 rats (D:1)
9 creatures vanquished.

Notes
Turn   | Place    | Note
-------+----------+-------------------------------------------
     0 | D:1      | HendSelp the Formicid Fighter began the quest for the Orb.
     0 | D:1      | Reached XP level 1. HP: 18/18 MP: 1/1
   151 | D:1      | Reached XP level 2. HP: 17/24 MP: 2/2
   160 | D:1      | HP: 1/24 [frilled lizard (3)]
   162 | D:1      | Slain by a jackal

Illustrated notes

Levels and vault maps discovered:
D:1:      dpeg_arrival_pond, layout_basic, minmay_splitting_lines, st_stairs_6,
          nrook_mini_vaults, minmay_misc_feat_nine_boxes, moated_statue

Action                   || total
-------------------------++-------
Melee: Flail             ||    26
Armor: Scale mail        ||    39
Dodge: Dodged            ||    43
Block: Buckler           ||    11

Table legend: (Time is in decaauts)
 A = Elapsed time spent in this place.
 B = Non-inter-level travel time spent in this place.
 C = Inter-level travel time spent in this place.
 D = Time resting spent in this place.
 E = Time spent auto-exploring this place.
 F = Levels seen in this place.
 G = Mean time per level.
                   A        B        C        D        E       F      G
               +--------+--------+--------+--------+--------+-----+--------+
         Total |    170 |    170 |      0 |      0 |    109 |   1 |  170.0 |
       Dungeon |    170 |    170 |      0 |      0 |    109 |   1 |  170.0 |
               +--------+--------+--------+--------+--------+-----+--------+

Top non-repeatable levels by time:
     D:1: 170 daAuts
